 Dungeon Crawl Stone Soup version 0.31.0-12-g77e489cdc1 (webtiles) character file.

Game seed: 7733280932833871537

19 ChrisAssaf the Changeling (level 2, -2/13 HPs)
             Began as a Human Shapeshifter on Feb 28, 2024.
             Slain by a ribbon worm (6 damage)
             ... on level 2 of the Dungeon.
             The game lasted 00:02:08 (783 turns).

ChrisAssaf the Changeling (Human Shapeshifter)       Turns: 783, Time: 00:02:08

Health: -2/13      AC:  0    Str: 14    XL:     2   Next: 75%
Magic:  2/2        EV: 16    Int: 10    God:
Gold:   59         SH:  0    Dex: 12    Spells: 1/1 levels left

rFire   . .          .
                       - Unarmed
rCold   . . .        (shield currently unavailable)
rNeg    + . .        a - melded +0 animal skin
rPois   .            (no helmet)
rElec   .            (no cloak)
rCorr   .            (no gloves)
SInv    .            (no boots)
Will    .....        (no amulet)
Stlth   +            f - ring of positive energy
HPRegen 0.22/turn    (no ring)
MPRegen 0.08/turn

%: no passive effects
@: flux-form, glowing
A: glow, contaminating, reduced hp, explore regen
a: Begin Untransformation


You were on level 2 of the Dungeon.
You were something dangerously unstable.
You visited 1 branch of the dungeon, and saw 2 of its levels.

You collected 59 gold pieces.

Inventory:

Armour
 a - a +0 animal skin (melded)
Jewellery
 f - a ring of positive energy (left hand)
Talismans
 c - a beast talisman
 d - a flux talisman (active)
Scrolls
 i - a scroll of blinking
Potions
 b - 2 potions of lignification
 e - 2 potions of brilliance {unknown}
 g - 2 potions of degeneration {unknown}
 h - 2 potions of ambrosia
 j - a potion of might {unknown}


   Skills:
 * Level 1.1 Fighting
 * Level 0.4 Armour
 * Level 2.1 Dodging
 * Level 0.4 Stealth
 * Level 3.1 Unarmed Combat
 * Level 3.3 Shapeshifting


You had one spell level left.
You didn't know any spells.
Your spell library contained the following spells:

 Spells                   Type           Power      Damage    Failure   Level
 Slow                     Hex            0%         N/A       36%         1
 Confusing Touch          Hex            0%         N/A       75%         3
 Sigil of Binding         Hex            0%         N/A       75%         3
 Vampiric Draining        Necr           0%         2d6       75%         3


Dungeon Overview and Level Annotations

Branches:
Dungeon (2/15)

Altars:


Innate Abilities, Weirdness & Mutations

You are something dangerously unstable.
You glow with magical radiation, making you easy to see and hit.
Foes you strike become dangerously contaminated with magical radiation.
Your maximum health is decreased, since you lack skill for your form.
You are incapable of wielding weapons or throwing items.
You regain HP and MP as you explore.


Message History

Things that are here:
a +0 whip; a kobold corpse
Things that are here:
a +0 whip; a kobold corpse
Found a stone staircase leading up.
A ribbon worm comes into view.
Found a stone staircase leading down.
The ribbon worm closely misses you.
You barely miss the ribbon worm. You barely miss the ribbon worm.
The ribbon worm closely misses you.
You hit the ribbon worm.
The ribbon worm begins to glow.
The ribbon worm is lightly wounded.
The ribbon worm bites you.
You hit the ribbon worm.
The ribbon worm glows dangerously bright.
The ribbon worm is lightly wounded.
The ribbon worm bites you.
You hit the ribbon worm.
The ribbon worm shudders as magic cascades through it.
The ribbon worm twists and deforms.
The ribbon worm is moderately wounded.
You hit the ribbon worm.
The ribbon worm begins to glow.
The ribbon worm is heavily wounded.
The ribbon worm misses you.
You hit the ribbon worm.
The ribbon worm glows dangerously bright.
The ribbon worm is severely wounded.
The ribbon worm misses you.
You hit the ribbon worm but do no damage.
The ribbon worm shudders as magic cascades through it.
The ribbon worm twists and deforms.
The ribbon worm is severely wounded.
The ribbon worm bites you.
You hit the ribbon worm.
The ribbon worm begins to glow.
The ribbon worm is severely wounded.
You hit the ribbon worm.
The ribbon worm glows dangerously bright.
The ribbon worm is almost dead.
The ribbon worm bites you.
You die...

.#
#.#************###.####
.#*#..,,,,,,,,,,,,..#.#
..,...,,,,,*******#.#.#
..*###****,* #.#.#
..,,,,* *,* #.#.#
,,***,* #.########.#.#
,** *,***#.<........#.#
,* *,**<,,,..##......#
,* *,**,*,**,*#p######
,* *,**,*,,*,*#w# ,*
*,**,*,,,,,..# ,**
*,**,*,,,,...#** ,,*
*,**,*,,,.....,* *,*
*,**,**,.....#,* *,*
*,**,**.....>#,* *,*
*,**,,....##.#,* *,*
*,*****,****,*,*


You could see a ribbon worm (heavy contam, misshapen).

Vanquished Creatures
  4 ball pythons
  An endoplasm (D:1)
  A giant cockroach (D:1)
  2 goblins
  A hobgoblin (D:2)
  2 kobolds (D:2)
  2 quokkas (D:2)
  A frilled lizard (D:1)
  2 rats
16 creatures vanquished.

Notes
Turn   | Place    | Note
-------+----------+-------------------------------------------
     0 | D:1      | ChrisAssaf the Human Shapeshifter began the quest for the
                  | Orb.
     0 | D:1      | Reached XP level 1. HP: 15/15 MP: 1/1
   176 | D:1      | Reached XP level 2. HP: 3/21 MP: 2/2
   783 | D:2      | Slain by a ribbon worm

Illustrated notes

Levels and vault maps discovered:
D:1:      lemuel_arrival_broad_hall, layout_basic
D:2:      layout_loops_ring

Action                     || total
---------------------------++-------
  Melee: Unarmed           ||    66
    Use: Scroll            ||     3
 Armour: Animal skin       ||     5
         Skin              ||    20
  Dodge: Dodged            ||    48
   Form: Flux              ||     1
